 Dungeon Crawl Stone Soup version 0.22.1-1-ga44c0e56f4 (webtiles) character file.

17593 Peloso the Carver (level 12, 0/108 HPs)
             Began as a Minotaur Fighter on Nov 4, 2018.
             Was a High Priest of Okawaru.
             Slain by a blink frog (2 damage)
             ... on level 3 of the Lair of Beasts.
             The game lasted 00:34:53 (14552 turns).

Peloso the Carver (Minotaur Fighter)               Turns: 14552, Time: 00:34:54

Health: 0/108      AC: 17    Str: 24    XL:     12   Next: 20%
Magic:  11/11      EV:  9    Int:  9    God:    Okawaru [*****.]
Gold:   741        SH: 13    Dex: 12    Spells: 11/11 levels left

rFire    + . .     SeeInvis .   a - +2 long sword (flame)
rCold    . . .     Gourm    .   c - +0 shield
rNeg     . . .     Faith    +   T - +2 chain mail "Liociol" {Int+4}
rPois    .         Spirit   .   (helmet restricted)
rElec    .         Reflect  .   (no cloak)
rCorr    .         Harm     .   p - +0 pair of gloves
MR       .....                  F - +0 pair of boots
Stlth    ..........             q - amulet of faith
HPRegen  0.28/turn              C - ring of protection from fire
MPRegen  0.12/turn              N - ring of wizardry

@: no status effects
A: retaliatory headbutt, horns 2
a: Heroism, Finesse, Renounce Religion


You were on level 3 of the Lair of Beasts.
You worshipped Okawaru.
Okawaru was extremely pleased with you.
You were not hungry.

You visited 3 branches of the dungeon, and saw 14 of its levels.
You also visited: Labyrinth and Sewer.

You collected 741 gold pieces.

Inventory:

Hand Weapons
 a - a +2 long sword of flaming (weapon)
 i - the +8 longbow "Zephyr" {speed, Dex+3 SInv}
   (Okawaru gifted it to you in a labyrinth)

   Attacks with this weapon are significantly faster.
   It affects your dexterity (+3).
   It lets you see invisible.
 n - the +9 staff of Olgreb {rPois}
   (You found it on level 5 of the Dungeon)

   It protects you from poison.
Armour
 b - a +0 scale mail
 c - a +0 shield (worn)
 l - a +0 plate armour
 p - a +0 pair of gloves (worn)
 F - a +0 pair of boots (worn)
 T - the +2 chain mail "Liociol" (worn) {Int+4}
   (You found it in a labyrinth)

   It affects your intelligence (+4).
Jewellery
 d - an uncursed amulet of guardian spirit
 q - an amulet of faith (around neck)
 C - a ring of protection from fire (left hand)
 N - a ring of wizardry (right hand)
 O - the amulet "Hiheefag" {rElec rF- rN+ Regen+ Str+3}
   (You found it in a labyrinth)

   [amulet of regeneration]

   It affects your strength (+3).
   It makes you vulnerable to fire.
   It insulates you from electricity.
   It protects you from negative energy.
   It increases your rate of regeneration.
 P - an uncursed ring of fire
Wands
 z - a wand of digging (12)
 G - a wand of disintegration (2)
 H - a wand of polymorph (14)
 J - a wand of iceblast (25)
 L - a wand of acid (7)
 Q - a wand of paralysis (12)
Scrolls
 e - a scroll of amnesia
 h - 10 scrolls of teleportation
 j - 4 scrolls of enchant weapon
 k - 4 scrolls of remove curse
 r - 3 scrolls of fear
 s - 2 scrolls of immolation
 t - a scroll of fog
 w - a scroll of blinking
 x - 2 scrolls of magic mapping
 y - 2 scrolls of enchant armour {unknown}
 B - 2 scrolls of noise {unknown}
 E - 2 scrolls of vulnerability {unknown}
 I - a scroll of holy word {unknown}
 R - 3 scrolls of identify
Potions
 g - 4 potions of brilliance
 m - 4 potions of flight
 o - 2 potions of invisibility
 v - 2 potions of agility
 A - 3 potions of resistance
 D - a potion of heal wounds
 K - a potion of haste {unknown}
 M - a potion of berserk rage {unknown}
 S - a potion of cancellation {unknown}
Comestibles
 f - 28 rations
 u - 3 chunks of flesh


   Skills:
 + Level 10.6 Fighting
 + Level 13.6 Long Blades
 + Level 11.8 Armour
 + Level 2.5 Dodging
 + Level 1.4 Stealth
 + Level 12.2 Shields
 + Level 0.6 Invocations
 + Level 0.5 Evocations


You had 11 spell levels left.
You didn't know any spells.
Your spell library contained the following spells:

 Spells                   Type           Power        Failure   Level  Hunger
 Animate Skeleton         Necr           N/A          71%         1    ##.....
 Apportation              Tloc           #.....       71%         1    ##.....
 Beastly Appendage        Tmut           #.....       71%         1    ##.....
 Confusing Touch          Hex            #.....       71%         1    ##.....
 Freeze                   Ice            #...         71%         1    ##.....
 Summon Small Mammal      Summ           #...         71%         1    ##.....
 Corpse Rot               Necr           N/A          83%         2    ###....
 Sticks to Snakes         Tmut           #.......     83%         2    ###....
 Sublimation of Blood     Necr           #.........   83%         2    ###....
 Throw Frost              Conj/Ice       #.....       83%         2    ###....
 Gell's Gravitas          Tloc           #.........   96%         3    ####...
 Ignite Poison            Fire/Tmut/Pois #.......     96%         3    ####...
 Lesser Beckoning         Tloc           #.........   96%         3    ####...
 Ozocubu's Armour         Chrm/Ice       #.......     96%         3    ####...
 Spider Form              Tmut/Pois      #.........   96%         3    ####...
 Stone Arrow              Conj/Erth      #.....       96%         3    ####...
 Ice Form                 Ice/Tmut       #.......     100%        4    #####..
 Leda's Liquefaction      Hex/Erth       #.........   100%        4    #####..
 Petrify                  Tmut/Erth      #.......     100%        4    #####..
 Summon Ice Beast         Ice/Summ       #.......     100%        4    #####..
 Throw Icicle             Conj/Ice       #.......     100%        4    #####..
 Alistair's Intoxication  Tmut/Pois      #.......     100%        5    ######.
 Blade Hands              Tmut           #.........   100%        5    ######.
 Irradiate                Conj/Tmut      #.........   100%        5    ######.
 Summon Forest            Summ/Tloc      #.........   100%        5    ######.
 Bolt of Cold             Conj/Ice       #.........   100%        6    #######
 Hydra Form               Tmut           #.........   100%        6    #######
 Summon Hydra             Summ           #.........   100%        7    #######


Dungeon Overview and Level Annotations

Branches:
Dungeon (10/15)            Temple (1/1) D:6            Lair (3/6) D:9
  Snake (0/4) Lair:3          Orc (0/2) D:9
  Swamp: Lair:2-4    Shoals: Lair:2-4

Altars:
Ashenzari
Cheibriados
Dithmenos
Elyvilon
Fedhas
Gozag
Hepliaklqana
Kikubaaqudgha
Makhleb
Nemelex Xobeh
Okawaru
Qazlal
Ru
Sif Muna
Trog
Uskayaw
Vehumet
Wu Jian
Xom
Yredelemnul
Zin
The Shining One

Annotations:
D:3 exclusion: oklob plant
D:5 1 runed door


Innate Abilities, Weirdness & Mutations

You reflexively headbutt those who attack you in melee.
You have a pair of horns on your head.


Message History

You barely miss the blink frog.
The blink frog is heavily wounded.
You block the blink frog's attack.
You closely miss the blink frog.
The blink frog is heavily wounded.
You feel sick.
You are no longer poisoned.
The blink frog hits you!
* * * LOW HITPOINT WARNING * * *
You barely miss the blink frog. Your headbutt misses the blink frog.
The blink frog is heavily wounded.
The blink frog hits you.
* * * LOW HITPOINT WARNING * * *
The blink frog blinks!
Unknown command.
You see here a blink frog corpse.
You closely miss the blink frog. You headbutt the blink frog.
The blink frog is severely wounded.
The blink frog hits you.
You die...

,,,,,,....#..........##,,,,,,,,,,
,,,,,,...............##***,*****,
,,,,,,.....#..........# *** *,,
,,,,,,#....#.........## *,,
,,,,,,.....P.........# **,
,*,**#.....P.........# **
,,,**.........§......##
,,,,,.................#
,,,,,...........@....##
,,,,,...........F.....#*****
,,,,,.................#,,,,*
,,,**........†..........,,,*
,*,,*#........†.........,,,*
*,,**##.....†∩.......#P#,*** **,*
##.....).......#*#,* *,,**
#.##..........#*,,* *,,,*
##*##.......P#**,,***


You could see a blink frog.

Vanquished Creatures
  A minotaur (Lab)
  2 two-headed ogres (D:8)
  The ghost of Artagas the Transmogrifier, a novice OpTm (D:7)
  A black mamba (D:9)
  9 spiny frogs
  Psyche (D:8)
  A komodo dragon (Lair:1)
  8 blink frogs
  5 hippogriffs
  A spriggan (D:7)
  9 yaks
  A wyvern (D:9)
  Menkaure (D:7)
  5 soldier ants (D:5)
  8 water moccasins
  3 porcupines
  3 sky beasts
  2 ice beasts (D:8)
  A hornet zombie (D:8)
  An orc warrior (D:8)
  A black bear (D:6)
  A phantom (D:7)
  A necrophage (D:9)
  3 wolves (D:9)
  6 ogres
  2 centaurs
  5 crocodiles
  9 big kobolds
  8 bullfrogs
  A gnoll sergeant (D:9)
  A wyvern skeleton (D:8)
  4 scorpions
  12 killer bees
  A howler monkey (D:6)
  3 crimson imps
  A bullfrog zombie (D:10)
  A centaur zombie (D:3)
  A bullfrog skeleton (D:5)
  A gnoll shaman (D:3)
  6 hounds
  7 orc priests
  12 orc wizards
  An iguana (D:10)
  13 worker ants
  A worker ant zombie (D:7)
  Robin (D:2)
  A howler monkey skeleton (D:7)
  7 gnolls
  13 adders
  4 shadow imps
  6 oozes (Sewer)
  2 adder zombies (D:6)
  An adder skeleton (D:4)
  10 worms
  3 dart slugs
  6 leopard geckos
  44 orcs
  5 ball pythons
  13 bats
  4 giant cockroaches
  14 hobgoblins
  8 jackals
  7 kobolds
  5 quokkas
  8 frilled lizards
  20 goblins
  A leopard gecko skeleton (D:2)
  A leopard gecko zombie (D:6)
  A quokka skeleton (D:5)
  9 rats
  7 fungi (D:3)
  3 plants (D:3)
370 creatures vanquished.

Vanquished Creatures (others)
  6 fungi
  A plant (D:7)
  4 toadstools (D:1)
11 creatures vanquished.

Grand Total: 381 creatures vanquished

Notes
Turn   | Place    | Note
-------+----------+-------------------------------------------
     0 | D:1      | Peloso the Minotaur Fighter began the quest for the Orb.
     0 | D:1      | Reached XP level 1. HP: 19/19 MP: 0/0
   108 | D:1      | Reached XP level 2. HP: 27/27 MP: 1/1
   232 | D:1      | Reached skill level 3 in Long Blades
   618 | D:1      | Reached XP level 3. HP: 33/33 MP: 2/2
   752 | D:2      | You fall through a shaft!
   803 | D:3      | Found a blossoming altar of Fedhas.
   823 | D:3      | Noticed an oklob plant
   859 | D:3      | Reached XP level 4. HP: 40/40 MP: 3/3
   863 | D:3      | Reached skill level 1 in Dodging
   876 | D:3      | Reached skill level 4 in Long Blades
   891 | D:3      | Noticed a big kobold
   903 | D:3      | Killed a big kobold
   903 | D:3      | Reached XP level 5. HP: 30/46 MP: 4/4
   945 | D:3      | Reached skill level 5 in Shields
  1026 | D:3      | Reached skill level 5 in Long Blades
  1066 | D:3      | Found a glowing drain.
  1070 | Sewer    | Entered a sewer
  1102 | Sewer    | Reached XP level 6. HP: 16/53 MP: 5/5
  2140 | D:3      | Found a snail-covered altar of Cheibriados.
  2654 | D:3      | Reached skill level 5 in Armour
  2936 | D:2      | Reached XP level 7. HP: 47/60 MP: 6/6
  2972 | D:2      | Noticed Robin
  2997 | D:2      | Reached skill level 6 in Long Blades
  3002 | D:2      | Killed Robin
  3024 | D:2      | Found a bloodstained altar of Trog.
  3027 | D:2      | Found an ancient bone altar of Kikubaaqudgha.
  3340 | D:4      | Reached skill level 5 in Fighting
  3574 | D:4      | Found an ornate altar of the Wu Jian Council.
  3632 | D:4      | Found a sacrificial altar of Ru.
  3659 | D:4      | Found a sparkling altar of Nemelex Xobeh.
  3776 | D:4      | Found a burning altar of Makhleb.
  3924 | D:5      | Entered Level 5 of the Dungeon
  4145 | D:5      | Reached skill level 7 in Long Blades
  4210 | D:5      | Reached XP level 8. HP: 47/69 MP: 7/7
  4551 | D:6      | Reached skill level 8 in Long Blades
  4552 | D:6      | Found a staircase to the Ecumenical Temple.
  4567 | Temple   | Entered the Ecumenical Temple
  4812 | D:6      | Found a shattered altar of Ashenzari.
  5209 | D:6      | Found a glowing golden altar of the Shining One.
  5658 | D:5      | Found a runed gate.
  5661 | D:5      | Found a runed gate.
  5661 | D:5      | Found a runed gate.
  5677 | D:5      | Found a runed door.
  5686 | D:5      | Found a runed door.
  5688 | D:5      | Found the +9 staff of Olgreb {rPois}
  5904 | D:7      | Reached skill level 9 in Long Blades
  5904 | D:7      | Reached XP level 9. HP: 77/78 MP: 5/8
  6012 | D:7      | Found a runed gate.
  6017 | D:7      | Found a runed gate.
  6017 | D:7      | Found a runed gate.
  6017 | D:7      | Noticed Artagas's ghost (novice OpTm)
  6141 | D:7      | Found a glowing golden altar of the Shining One.
  6339 | D:7      | Noticed Menkaure
  6345 | D:7      | Killed Menkaure
  6508 | D:8      | Noticed Psyche
  6521 | D:8      | Killed Psyche
  6605 | D:8      | Noticed a two-headed ogre
  6607 | D:8      | Reached skill level 10 in Long Blades
  6618 | D:8      | Killed a two-headed ogre
  7126 | D:8      | Found an ornate altar of the Wu Jian Council.
  7143 | D:8      | Reached XP level 10. HP: 80/86 MP: 7/9
  7961 | D:8      | Reached skill level 11 in Long Blades
  7979 | D:8      | Noticed a two-headed ogre
  7990 | D:8      | Killed a two-headed ogre
  8065 | D:8      | Found a glowing silver altar of Zin.
  8303 | D:9      | Reached skill level 10 in Armour
  8353 | D:9      | Found a shadowy altar of Dithmenos.
  8700 | D:9      | Found a staircase to the Orcish Mines.
  8990 | D:9      | Found an iron altar of Okawaru.
  9084 | D:9      | Found a staircase to the Lair.
  9143 | D:9      | Became a worshipper of Warmaster Okawaru
  9215 | D:10     | Entered Level 10 of the Dungeon
  9281 | D:10     | Reached skill level 10 in Shields
  9297 | D:10     | Reached * piety under Okawaru
  9447 | D:10     | Noticed an orange demon
  9553 | D:10     | Reached skill level 12 in Long Blades
  9846 | D:5      | Reached XP level 11. HP: 26/95 MP: 7/10
  9857 | D:5      | Reached ** piety under Okawaru
 10836 | D:7      | Killed Artagas's ghost
 10981 | Lair:1   | Entered Level 1 of the Lair of Beasts
 11012 | D:9      | Reached *** piety under Okawaru
 11832 | Lair:1   | Reached skill level 1 in Stealth
 11908 | Lair:1   | Reached **** piety under Okawaru
 12683 | Lair:1   | Received a gift from Okawaru
 12929 | Lair:1   | Reached skill level 13 in Long Blades
 13158 | Lair:1   | Reached ***** piety under Okawaru
 13213 | Lair:2   | Reached skill level 10 in Fighting
 14020 | Lair:3   | Reached XP level 12. HP: 57/106 MP: 11/11
 14074 | Lair:3   | Found a labyrinth entrance.
 14081 | Lab      | Entered a labyrinth
 14442 | Lab      | Noticed a minotaur
 14460 | Lab      | Killed a minotaur
 14460 | Lab      | Received a gift from Okawaru
 14461 | Lab      | Found the +8 longbow "Zephyr" {speed, Dex+3 SInv}
 14467 | Lab      | Identified the Handbook of the Freezing Compass
 14468 | Lab      | Got a transparent pewter amulet
 14469 | Lab      | Got an encrusted chain mail
 14481 | Lab      | Identified the +2 chain mail "Liociol" {Int+4} (You found
                  | it in a labyrinth)
 14506 | Lab      | Identified the amulet "Hiheefag" {rElec rF- rN+ Regen+
                  | Str+3} (You found it in a labyrinth)
 14550 | Lair:3   | HP: 1/108 [blink frog (5)]
 14552 | Lair:3   | Slain by a blink frog

Skill      XL: |  1  2  3  4  5  6  7  8  9 10 11 12 |
---------------+-------------------------------------+-----
Long Blades    | 3 4 5 7 9 10 12 13 | 13.6
Shields        | 4 5 6 7 8 10 11 12 | 12.2
Armour         | 4 5 6 7 8 10 11 | 11.8
Fighting       | 4 5 6 7 8 10 | 10.6
Dodging        | 1 2 |  2.5
Stealth        | 1 |  1.4
Invocations    | |  0.6
Evocations     | |  0.5

Action                   |  1- 3 |  4- 6 |  7- 9 | 10-12 || total
-------------------------+-------+-------+-------+-------++-------
Melee: Long sword        |    64 |   312 |   424 |   815 ||  1615
       Headbutt          |    10 |    79 |    90 |   186 ||   365
Invok: Heroism           |       |       |       |     6 ||     6
Evoke: Wand              |       |       |       |     7 ||     7
  Use: Scroll            |       |     7 |     4 |    13 ||    24
       Potion            |       |     1 |       |     5 ||     6
  Eat: Chunk             |       |     8 |    13 |    16 ||    37
       Ration            |       |       |       |     3 ||     3
Armor: Scale mail        |    36 |    76 |       |       ||   112
       Chain mail        |       |    50 |       |    35 ||    85
       Plate armour      |       |    13 |   224 |   321 ||   558
Dodge: Dodged            |    23 |    83 |    89 |   176 ||   371
Block: Shield            |    40 |   155 |   206 |   437 ||   838
       Rpst.: Long sword |     9 |    25 |    24 |    46 ||   104
